AoeStats
← Solboss

Coastal Forest

510384716Analyzed
2v2 RM · 17h ago on Sep 30, 2026· 39m 58s· 4 players
Game mode
Random Map
Map size
Medium (4 player)
Population
200
Speed
Normal
Resources
Standard
Victory
Conquest
Starting age
Dark Age
Ending age
Imperial Age
RankedLock teamsTeams togetherTeam positionsShared explorationLock speedFull tech treeHidden civsTurbo modeCheats
Victory
Defeat
🇬🇧 Armenians · United Kingdom
961
+18
🇬🇧 Japanese · United Kingdom
957
+18
🇮🇳 Persians · India
1031
-19
🇮🇳 Ethiopians · India
984
-17
Solboss
7:57 Loom
10:30 Feudal Age
10:31 Man-at-Arms
12:23 Double-Bit Axe
14:48 Horse Collar
18:44 Fletching
20:55 Scale Mail Armor
24:12 Castle Age
23:25 Padded Archer Armor
24:16 Pikeman
24:18 Elite Skirmisher
28:36 Wheelbarrow
27:28 Long Swordsman
27:54 Gambesons
28:10 Squires
36:16 Imperial Age
35:00 Bodkin Arrow
36:37 Ballistics
37:52 Hand Cart
37:38 Town Watch
38:36 Two-Handed Swordsman
40:24 Bracer
Kingzzman
3:43 Loom
11:31 Feudal Age
13:04 Man-at-Arms
14:01 Horse Collar
14:08 Double-Bit Axe
15:49 Long Swordsman
18:09 Arson
18:53 Forging
18:44 Scale Mail Armor
23:21 Castle Age
26:03 Gambesons
25:43 Two-Handed Swordsman
28:13 Bow Saw
28:29 Squires
30:10 Chain Mail Armor
30:30 Iron Casting
31:21 Iron Casting
32:03 Elite Skirmisher
35:51 Fletching
36:02 Padded Archer Armor
40:19 Imperial Age
38:36 Ballistics
39:34 Wheelbarrow
ephiret
5:32 Loom
9:50 Feudal Age
12:29 Wheelbarrow
12:31 Arson
14:47 Town Watch
17:01 Horse Collar
29:54 Castle Age
30:15 Crossbowman
31:01 Thumb Ring
30:34 Elite Skirmisher
32:15 Fletching
32:26 Padded Archer Armor
34:05 Bodkin Arrow
34:25 Leather Archer Armor
38:27 Double-Bit Axe
Funesh
11:04 Feudal Age
16:04 Castle Age
15:32 Double-Bit Axe
16:44 Fishing Lines
18:43 Gillnets
22:21 Husbandry
22:31 Bloodlines
22:21 Husbandry
30:31 Forging
30:27 Scale Barding Armor
34:59 Loom
35:49 Wheelbarrow
34:59 Town Watch
36:10 Bow Saw
37:01 Hand Cart
38:38 Town Watch
Connection lost

Rejoining the realm…

Still unreachable

The connection could not be restored.

Session expired

The server has moved on; the page needs a fresh start.